 Dungeon Crawl Stone Soup version 0.26.1-11-gd32895ea62 (webtiles) character file.

Game seed: 4361058048140213382

184 nomophobia the Chopper (level 5, -2/42 HPs)
             Began as a Demonspawn Berserker on May 23, 2021.
             Was a Priest of Trog.
             Splashed by an orc's acid (6 damage)
             ... on level 4 of the Dungeon.
             The game lasted 00:17:56 (2986 turns).

nomophobia the Chopper (Demonspawn Berserker)       Turns: 2986, Time: 00:17:58

Health: -2/42      AC: 17    Str: 18    XL:     5   Next: 36%
Magic:  5/5        EV:  8    Int:  8    God:    Trog [***...]
Gold:   211        SH:  0    Dex: 13    Spells: 4/4 levels left

rFire    . . .     SeeInvis .   a - +1 hand axe
rCold    . . .     Faith    .   (no shield)
rNeg     . . .     Spirit   .   n - +1 chain mail
rPois    .         Reflect  .   (helmet restricted)
rElec    .         Harm     .   (no cloak)
rCorr    .         Rampage  .   m - +0 pair of gloves
Will     .....                  (no boots)
Stlth    ..........             (no amulet)
HPRegen  0.14/turn              (no ring)
MPRegen  0.09/turn              (no ring)

@: sanguine armour
A: horns 1, powered by pain 1, sanguine armour 1
a: Renounce Religion, Berserk, Trog's Hand


You were on level 4 of the Dungeon.
You worshipped Trog.
Trog was most pleased with you.
You visited 1 branch of the dungeon, and saw 4 of its levels.

You collected 211 gold pieces.

Inventory:

Hand Weapons
 a - a +1 hand axe (weapon)
Armour
 m - a +0 pair of gloves (worn)
 n - a +1 chain mail (worn)
Jewellery
 d - a cursed +6 ring of dexterity
Wands
 h - a wand of flame (18)
 o - a wand of acid (7)
Scrolls
 e - 4 scrolls of identify
 i - a scroll of enchant armour
 p - a scroll of enchant weapon
Potions
 b - a potion of attraction {unknown}
 c - a potion of flight {unknown}
 f - 2 potions of haste {unknown}
 g - 2 potions of heal wounds {unknown}
 j - a potion of berserk rage {unknown}
 k - 3 potions of curing {unknown}
 l - a potion of lignification {unknown}


   Skills:
 + Level 3.8 Fighting
 * Level 4.0 Axes
 * Level 3.5 Armour
 - Level 1.7 Dodging


You had 4 spell levels left.
You didn't know any spells.
Your spell library was empty.

Dungeon Overview and Level Annotations

Branches:
Dungeon (4/15)
 Temple: D:4-7

Altars:
Hepliaklqana

Annotations:
D:3 2 transporters, buriedalive's ghost, amateur DEIE


Innate Abilities, Weirdness & Mutations

You have a pair of small horns on your head.
You sometimes gain a little power by taking damage.
When seriously injured, your bleeding wounds create armour. (AC +6)


Message History

The orc shouts! x2
An orc comes into view. It is wielding a -2 flail.
The orc shouts!
The orc hits you but does no damage.
You closely miss the orc. You barely miss the orc.
Your headbutt misses the orc. The orc hits you with a +0 war axe.
The orc zaps a wand.
The bolt of acid hits the orc!
The orc is splashed with acid!
The orc dies!
The bolt of acid hits you.
You are splashed with acid!
Your blood congeals into armour.
The orc zaps a wand.
The bolt of acid misses you.
Things that are here:
a +0 war axe; a +0 leather armour; an orc corpse You hit the orc.
The orc is almost dead.
The orc zaps a wand.
The bolt of acid hits you!
* * * LOW HITPOINT WARNING * * *
You are splashed with acid.
You die...

.......<..# #.#######.##
..........# #.#........#
..........####.#.########
...............#.#
.........#######.#
##.####+## #.# ... . #.#
.. ....########.#
...>ooo@.....#
....########## .


You could see 3 orcs.

Vanquished Creatures
  Jessica (D:3)
  Natasha (D:3)
  Robin (D:3)
  3 adders (D:2)
  An ooze (D:2)
  2 worms (D:2)
  A dart slug (D:1)
  A leopard gecko (D:3)
  8 bats
  3 giant cockroaches
  20 goblins
  11 hobgoblins
  10 kobolds
  A quokka (D:2)
  5 frilled lizards
  7 rats
76 creatures vanquished.

Vanquished Creatures (others)
  An orc (D:4)
  A plant (D:1)
2 creatures vanquished.

Grand Total: 78 creatures vanquished

Notes
Turn   | Place    | Note
-------+----------+-------------------------------------------
     0 | D:1      | nomophobia the Demonspawn Berserker began the quest for the
                  | Orb.
     0 | D:1      | Reached XP level 1. HP: 18/18 MP: 1/1
   349 | D:1      | Gained mutation: You sometimes gain a little power by
                  | taking damage. [demonic ancestry]
   349 | D:1      | Reached XP level 2. HP: 18/24 MP: 2/2
   521 | D:1      | Reached skill level 3 in Axes
  1044 | D:1      | Reached ** piety under Trog
  1280 | D:2      | Gained mutation: You have a pair of small horns on your
                  | head. [demonic ancestry]
  1280 | D:2      | Reached XP level 3. HP: 20/29 MP: 3/3
  1581 | D:2      | Gained mutation: When seriously injured, your bleeding
                  | wounds create armour. (AC +6) [demonic ancestry]
  1581 | D:2      | Reached XP level 4. HP: 20/35 MP: 4/4
  2005 | D:2      | Found a faded altar of an unknown god.
  2276 | D:3      | Noticed buriedalive's ghost (amateur DEIE)
  2294 | D:3      | Found a transporter.
  2321 | D:3      | Found a transporter.
  2388 | D:3      | Noticed Robin
  2398 | D:3      | Killed Robin
  2406 | D:3      | Reached *** piety under Trog
  2725 | D:3      | Noticed Natasha
  2732 | D:3      | Killed Natasha
  2733 | D:3      | Reached XP level 5. HP: 42/42 MP: 5/5
  2745 | D:3      | Found a hazy altar of Hepliaklqana.
  2799 | D:3      | Noticed Jessica
  2806 | D:3      | Killed Jessica
  2807 | D:3      | Reached skill level 4 in Axes
  2986 | D:4      | Splashed by an orc's acid

Illustrated notes

Levels and vault maps discovered:
D:1:      lightli_molten_gateway, layout_basic, chequers_big_river,
          minmay_pentomino_o4
D:2:      layout_basic, chequers_ecumenical_altar_simple_redux
D:3:      layout_basic, nzn_hepliaklqana_mist_gate, gammafunk_ghost_stat_death,
          uniq_natasha, uniq_jessica, uniq_robin
D:4:      layout_basic

Skill      XL: |  1  2  3  4  5 |
---------------+----------------+-----
Armour         | 2 3 |  3.5
Axes           | 3 4 |  4.0
Fighting       | |  3.8
Dodging        | |  1.7

Action                   |  1- 3 |  4- 6 || total
-------------------------+-------+-------++-------
Melee: Hand axe          |   101 |    88 ||   189
       Headbutt          |     5 |    18 ||    23
Invok: Berserk           |       |     2 ||     2
  Use: Scroll            |       |     6 ||     6
Armor: Ring mail         |    54 |     7 ||    61
       Chain mail        |       |    36 ||    36
Dodge: Dodged            |    66 |    37 ||   103
